 Dungeon Crawl Stone Soup version 0.23.2 (webtiles) character file.

Game seed: 14150568044907268857

1395 JaketheDog the Slasher (level 8, -1/72 (73) HPs)
             Began as a Minotaur Berserker on May 15, 2019.
             Was a Priest of Trog.
             Slain by an orc warrior
             ... wielding a +0 scimitar
              (16 damage)
             ... on level 5 of the Dungeon.
             The game lasted 00:26:51 (4141 turns).

JaketheDog the Slasher (Minotaur Berserker)         Turns: 4141, Time: 00:26:51

HP:   -1/72 (73)    AC:  7    Str: 23    XL:     8   Next: 41%
MP:   7/7           EV:  8    Int:  4    God:    Trog [***...]
Gold: 183           SH: 12    Dex: 11    Spells: 7/7 levels left

rFire    . . .     SeeInvis .   A - +0 falchion (holy)
rCold    . . .     Gourm    .   l - +0 large shield (curse)
rNeg     . . .     Faith    .   k - +0 scale mail
rPois    .         Spirit   .   (helmet restricted)
rElec    .         Reflect  .   (no cloak)
rCorr    .         Harm     .   (no gloves)
MR       .....                  (no boots)
Stlth    ..........             (no amulet)
HPRegen  0.22/turn              f - +1 ring of evasion
MPRegen  0.10/turn              (no ring)

@: lightly drained
A: retaliatory headbutt, horns 2
a: Berserk, Trog's Hand, Renounce Religion


You were on level 5 of the Dungeon.
You worshipped Trog.
Trog was most pleased with you.
You were near starving.

You visited 1 branch of the dungeon, and saw 7 of its levels.

You collected 183 gold pieces.

Inventory:

Hand Weapons
 a - a +0 falchion
 z - a +3 dagger of flaming
 A - a +0 falchion of holy wrath (weapon)
Armour
 k - a +0 scale mail (worn)
 l - a cursed +0 large shield (worn)
 y - a +0 chain mail
Jewellery
 d - an uncursed ring of fire {unknown}
 f - a +1 ring of evasion (left hand)
 g - a +4 ring of dexterity {unknown}
 j - a +3 ring of dexterity {unknown}
 s - an uncursed ring of flight {unknown}
 u - an uncursed ring of fire {unknown}
 x - an uncursed ring of see invisible {unknown}
Scrolls
 b - a scroll of immolation {unknown}
 e - a scroll of random uselessness {unknown}
 i - 3 scrolls of remove curse {unknown}
 n - 3 scrolls of amnesia {unknown}
 q - a scroll of magic mapping {unknown}
 r - a scroll of enchant armour {unknown}
 t - 5 scrolls of identify
 w - a scroll of teleportation {unknown}
Potions
 h - a potion of resistance {unknown}
 m - a potion of cancellation {unknown}
 o - 3 potions of curing {unknown}
 p - a potion of haste {unknown}
 v - 3 potions of lignification {unknown}
 C - a potion of heal wounds
Comestibles
 c - 6 rations


   Skills:
 + Level 7.2(7.1) Fighting
 + Level 7.4(7.2) Long Blades
 + Level 6.4(6.3) Armour
 + Level 5.8(5.7) Dodging
 - Level 0.1(0.0) Stealth


You had 7 spell levels left.
You didn't know any spells.
Your spell library contained the following spells:

 Spells                   Type           Power        Failure   Level  Hunger
 Corona                   Hex            #......      100%        1    ##.....
 Ensorcelled Hibernation  Hex/Ice        #.....       100%        2    ###....
 Confuse                  Hex            #.......     100%        3    ####...
 Dazzling Spray           Conj/Hex       #.....       100%        3    ####...
 Tukima's Dance           Hex            #.......     100%        3    ####...


Dungeon Overview and Level Annotations

Branches:
Dungeon (7/15)
 Temple: D:4-7

Altars:
Makhleb
Okawaru
Qazlal
Ru
Xom


Innate Abilities, Weirdness & Mutations

You reflexively headbutt those who attack you in melee.
You have a pair of horns on your head.


Message History

You closely miss the orc warrior.
The orc warrior is moderately wounded.
The orc warrior barely misses you.
You riposte.
You hit the orc warrior but do no damage.
Your headbutt misses the orc warrior.
The orc warrior is moderately wounded.
Your shield and scale mail prevent you from hitting the orc warrior.
The orc warrior is moderately wounded.
You block the orc warrior's attack.
You hit the orc warrior.
You headbutt the orc warrior, but do no damage.
The orc warrior is moderately wounded.
You block the orc warrior's attack.
You closely miss the orc warrior.
The orc warrior is moderately wounded.
You block the orc warrior's attack.
You hit the orc warrior but do no damage.
The orc warrior is moderately wounded.
The orc warrior hits you with a +0 scimitar!
You die...

#......+
....#.+...+o#....
.......#
#...|.#...#..####
#.....###
#..##.##'##o##
#..#......o..#
#..##.#.#.#.##
#..######...#####
#.....o.5.>......
####5##############
+.@oo# ######


You could see an orc warrior, a shadow imp and an orc.

Vanquished Creatures
  Pikel (D:3)
  An ice beast (D:5)
  An ogre (D:4)
  2 centaurs
  A necrophage (D:4)
  2 wights (D:6)
  2 crimson imps (D:3)
  2 hounds
  A bullfrog skeleton (D:4)
  Jessica (D:3)
  2 orc wizards (D:4)
  A worker ant (D:6)
  A worker ant zombie (D:5)
  Robin (D:3)
  7 adders
  An ooze (D:4)
  An adder skeleton (D:4)
  4 worms
  2 dart slugs
  4 leopard geckos
  10 orcs
  4 giant cockroaches
  10 hobgoblins
  5 jackals
  8 kobolds
  A quokka (D:4)
  2 ball pythons
  5 bats
  6 frilled lizards
  11 goblins
  A quokka zombie (D:3)
  7 rats
108 creatures vanquished.

Vanquished Creatures (others)
  A slave (D:4)
  A bullfrog zombie (D:4)
2 creatures vanquished.

Grand Total: 110 creatures vanquished

Notes
Turn   | Place    | Note
-------+----------+-------------------------------------------
     0 | D:1      | JaketheDog the Minotaur Berserker began the quest for the
                  | Orb.
     0 | D:1      | Reached XP level 1. HP: 19/19 MP: 0/0
   360 | D:1      | Reached XP level 2. HP: 26/27 MP: 1/1
  1193 | D:2      | Found an iron altar of Okawaru.
  1199 | D:2      | Reached XP level 3. HP: 22/33 MP: 2/2
  1511 | D:2      | Reached ** piety under Trog
  1583 | D:2      | Reached XP level 4. HP: 16/41 MP: 3/3
  1609 | D:2      | HP: 2/41 [poisoned by an adder]
  1617 | D:2      | HP: 2/41 [poisoned by an adder]
  1898 | D:2      | Noticed a centaur
  1921 | D:2      | HP: 2/41 [centaur/arrow (4)]
  1929 | D:2      | HP: 1/41 [centaur/arrow (2)]
  1942 | D:2      | HP: 2/41 [centaur (2)]
  1943 | D:2      | Killed a centaur
  1943 | D:2      | Reached skill level 5 in Long Blades
  1943 | D:2      | Reached XP level 5. HP: 2/47 MP: 4/4
  2227 | D:3      | Noticed Jessica
  2229 | D:3      | Killed Jessica
  2229 | D:3      | Reached skill level 5 in Fighting
  2243 | D:3      | Noticed a centaur
  2255 | D:3      | Killed a centaur
  2255 | D:3      | Reached XP level 6. HP: 41/56 MP: 5/5
  2409 | D:3      | Noticed Robin
  2425 | D:3      | Killed Robin
  2919 | D:3      | Found a sacrificial altar of Ru.
  2927 | D:3      | Found a burning altar of Makhleb.
  3023 | D:4      | Noticed Pikel
  3023 | D:4      | Noticed a slave
  3023 | D:4      | Noticed a slave
  3023 | D:4      | Noticed a slave
  3024 | D:4      | Noticed a slave
  3058 | D:3      | Killed Pikel
  3058 | D:3      | Reached skill level 5 in Armour
  3058 | D:3      | Reached skill level 5 in Dodging
  3058 | D:3      | Reached XP level 7. HP: 54/64 MP: 6/6
  3351 | D:4      | Reached *** piety under Trog
  3351 | D:4      | Reached XP level 8. HP: 61/70 MP: 7/7
  3467 | D:4      | Found a shimmering altar of Xom.
  3470 | D:4      | Found a stormy altar of Qazlal.
  3904 | D:5      | Entered Level 5 of the Dungeon
  3953 | D:5      | You fall through a shaft for 2 floors!
  4101 | D:5      | HP: 1/72 [orc warrior/+0 scimitar (23)]
  4141 | D:5      | Slain by an orc warrior

Skill      XL: |  1  2  3  4  5  6  7  8 |
---------------+-------------------------+-----
Long Blades    | 4 5 6 7 |  7.4
Fighting       | 4 5 6 7 |  7.2
Armour         | 3 4 5 6 |  6.4
Dodging        | 3 5 |  5.8
Stealth        | |  0.1

Action                   |  1- 3 |  4- 6 |  7- 9 || total
-------------------------+-------+-------+-------++-------
Melee: Falchion          |    90 |   128 |   122 ||   340
       Headbutt          |    11 |    20 |    25 ||    56
Invok: Berserk           |       |     1 |       ||     1
       Trog's Hand       |       |       |     1 ||     1
  Use: Scroll            |       |     1 |       ||     1
       Potion            |       |     1 |       ||     1
 Stab: Sleeping          |     1 |       |       ||     1
  Eat: Chunk             |     2 |     2 |     3 ||     7
       Ration            |       |     1 |       ||     1
Armor: Animal skin       |     8 |       |       ||     8
       Scale mail        |    24 |    45 |    26 ||    95
Dodge: Dodged            |    43 |    33 |    25 ||   101
Block: Large shield      |    21 |    95 |    57 ||   173
       Rpst.: Falchion   |    10 |     9 |     8 ||    27
